 Dungeon Crawl Stone Soup version 0.23-a0-356-g1757c6e (webtiles) character file.

7 lungs the Firebug (level 2, -3/15 HPs)
             Began as a Gargoyle Fire Elementalist on July 4, 2018.
             Slain by a leopard gecko (4 damage)
             ... on level 1 of the Dungeon on Oct 21, 2018.
             The game lasted 00:02:32 (262 turns).

lungs the Firebug (Gargoyle Fire Elementalist)       Turns: 262, Time: 00:02:33

Health: -3/15      AC:  5    Str: 11    XL:     2   Next: 0%
Magic:  5/5        EV: 11    Int: 15    God:
Gold:   27         SH:  0    Dex: 10    Spells: 4/5 levels left

rFire    . . .     SeeInvis .   (no weapon)
rCold    . . .     Gourm    .   (no shield)
rNeg     + . .     Faith    .   d - +0 leather armour
rPois    ∞         Spirit   .   (no helmet)
rElec    +         Reflect  .   (no cloak)
rCorr    .         Harm     .   (no gloves)
MR       .....                  (no boots)
Stlth    ++........             (no amulet)
HPRegen  0.05/turn              (no ring)
MPRegen  0.09/turn              (no ring)

@: no status effects
A: negative energy resistance 1, electricity resistance, unbreathing,
petrification resistance, rot immunity, AC +2
a: no special abilities


You were on level 1 of the Dungeon.
You were not hungry.

You visited 1 branch of the dungeon, and saw 1 of its levels.

You collected 27 gold pieces.

Inventory:

Hand Weapons
 b - a +0 hunting sling
Missiles
 e - 4 stones (quivered)
Armour
 a - a +0 robe
 d - a +0 leather armour (worn)
Scrolls
 f - a scroll of enchant weapon {unknown}
Comestibles
 c - 2 rations


   Skills:
 + Level 1.7 Dodging
 + Level 2.3 Stealth
 + Level 2.1 Spellcasting
 + Level 1.3 Conjurations
 + Level 3.1 Fire Magic


You had 4 spell levels left.
You knew the following spells:

 Your Spells              Type           Power        Failure   Level  Hunger
a - Flame Tongue          Conj/Fire      #....        12%         1    #......

Your spell library contained the following spells:

 Spells                   Type           Power        Failure   Level  Hunger
 Throw Flame              Conj/Fire      #.....       17%         2    ###....
 Conjure Flame            Conj/Fire      #.......     34%         3    ###....
 Inner Flame              Hex/Fire       #.......     43%         3    ###....
 Sticky Flame             Conj/Fire      #.......     75%         4    #####..
 Fireball                 Conj/Fire      #.........   97%         5    ######.


Dungeon Overview and Level Annotations

Branches:
Dungeon (1/15)

Altars:


Innate Abilities, Weirdness & Mutations

You are resistant to torment.
Your stone body is resilient. (AC +2)
You are immune to poison.
You resist negative energy. (rN+)
You are resistant to electric shocks. (rElec)
You can survive without breathing.
You are immune to petrification.
You are immune to rotting.


Message History

The frilled lizard bites you. The leopard gecko bites you.
* * * LOW HITPOINT WARNING * * *
You closely miss the frilled lizard. The frilled lizard closely misses you.
The leopard gecko bites you but does no damage.
You barely miss the frilled lizard.
The leopard gecko bites you but does no damage.
The frilled lizard barely misses you. The leopard gecko misses you.
You barely miss the leopard gecko.
The leopard gecko is severely wounded.
The frilled lizard barely misses you. The leopard gecko misses you.
You barely miss the leopard gecko.
The leopard gecko is heavily wounded.
The frilled lizard bites you but does no damage.
The leopard gecko bites you.
* * * LOW HITPOINT WARNING * * *
You hit the leopard gecko but do no damage.
The leopard gecko is heavily wounded.
The frilled lizard completely misses you.
The leopard gecko bites you.
You die...

##...........
#......
#.#.........
###......
..........
#........
#.......
#........
#......
#........ #....#
#.......# #....#
###.....).# #
#..l.#
#....)....#
..##..@l#
#.###.#####
##......# #.#
#......
.........#####.#
#######
##.##....#.....#
#.......#.#####
#######...#
#####


You could see a leopard gecko and a frilled lizard.

Vanquished Creatures
  A dart slug (D:1)
  A leopard gecko (D:1)
  A bat (D:1)
  A kobold (D:1)
4 creatures vanquished.

Notes
Turn   | Place    | Note
-------+----------+-------------------------------------------
     0 | D:1      | lungs the Gargoyle Fire Elementalist began the quest for
                  | the Orb.
     0 | D:1      | Reached XP level 1. HP: 10/10 MP: 3/3
   195 | D:1      | Upgraded the game from 0.22-a0-587-g7d32d7c to
                  | 0.23-a0-356-g1757c6e
   212 | D:1      | Reached XP level 2. HP: 11/15 MP: 5/5
   262 | D:1      | Slain by a leopard gecko

Vault maps used:
D:1:      lightli_arrival_maybe_door_vault

Action                   || total
-------------------------++-------
Melee: Unarmed           ||    43
 Cast: Flame Tongue      ||     4
Armor: Leather armour    ||    22
Dodge: Dodged            ||    40

Table legend:
 A = Non-vault XP
 B = Vault XP
 C = Vault XP percentage of total XP
 D = Non-vault monster count
 E = Vault monster count
 F = Vault count percentage of total count
                 A         B        C        D         E       F
            +---------+---------+-------+---------+---------+-------
      Total |      10 |       0 |   0.0 |       4 |       0 |   0.0
            +---------+---------+-------+---------+---------+-------
        D:1 |      10 |       0 |   0.0 |       4 |       0 |   0.0
            +---------+---------+-------+---------+---------+-------
